 Dungeon Crawl Stone Soup version 0.27-b1-42-g19c61b19a5 (webtiles) character file.

Game seed: 1000180992494897765

2279 shadowrider38 the Cleaver (level 9, -2/61 (72) HPs)
             Began as a Minotaur Berserker on July 30, 2021.
             Was an Elder of Trog.
             Slain by a wight (4 damage)
             ... on level 7 of the Dungeon.
             The game lasted 00:11:04 (6636 turns).

shadowrider38 the Cleaver (Minotaur Berserker)      Turns: 6636, Time: 00:11:05

HP:   -2/61 (72)    AC: 12    Str: 24    XL:     9   Next: 16%
MP:   8/8           EV: 10    Int:  4    God:    Trog [****..]
Gold: 197           SH:  0    Dex: 11    Spells: 8/8 levels left

rFire    . . .     SeeInvis .   a - +2 hand axe (vamp)
rCold    . . .     Faith    .   (no shield)
rNeg     + . .     Spirit   .   h - +0 pearl dragon scales
rPois    .         Reflect  .   (helmet restricted)
rElec    .         Harm     .   (no cloak)
rCorr    .         Rampage  .   (no gloves)
Will     .....                  m - +0 pair of boots
Stlth    ..........             (no amulet)
HPRegen  0.20/turn              (no ring)
MPRegen  0.11/turn              (no ring)

@: on berserk cooldown, slowed, heavily drained, very slow
A: horns 2, retaliatory headbutt
a: Renounce Religion, Berserk, Trog's Hand, Brothers in Arms


You were on level 7 of the Dungeon.
You worshipped Trog.
Trog was greatly pleased with you.
You visited 1 branch of the dungeon, and saw 7 of its levels.

You collected 197 gold pieces.

Inventory:

Hand Weapons
 a - a +2 vampiric hand axe (weapon)
 v - a +0 hand axe
 A - a +2 halberd
Armour
 h - +0 pearl dragon scales (worn)
 m - a +0 pair of boots (worn)
 r - a +2 leather armour of poison resistance
Jewellery
 w - an amulet of the acrobat
 z - an amulet of faith
Wands
 q - a wand of polymorph (1)
 y - a wand of paralysis (12)
Scrolls
 b - 2 scrolls of identify {unknown}
 e - a scroll of fog {unknown}
 g - 2 scrolls of amnesia {unknown}
 i - a scroll of enchant armour {unknown}
 l - 3 scrolls of immolation {unknown}
 o - 2 scrolls of noise {unknown}
 p - 2 scrolls of brand weapon {unknown}
 s - 2 scrolls of teleportation {unknown}
 t - a scroll of magic mapping {unknown}
 u - a scroll of silence {unknown}
Potions
 c - a potion of cancellation {unknown}
 d - 3 potions of curing {unknown}
 f - 3 potions of lignification {unknown}
 j - a potion of mutation {unknown}
 k - 4 potions of heal wounds {unknown}
 n - a potion of haste
 x - a potion of attraction {unknown}
 B - a potion of degeneration {unknown}


   Skills:
 - Level 4.5 Fighting
 + Level 13.7 Axes
 - Level 3.0 Armour
 - Level 3.0 Dodging
 - Level 0.4 Stealth
 - Level 1.2 Unarmed Combat


You had 8 spell levels left.
You didn't know any spells.
Your spell library was empty.

Dungeon Overview and Level Annotations

Branches:
Dungeon (7/15)             Temple (0/1) D:6

Altars:
Gozag
Nemelex Xobeh

Shops:
D:3 ?


Innate Abilities, Weirdness & Mutations

You have a pair of horns on your head.
You reflexively headbutt those who attack you in melee.


Message History

The wight hits you from afar with a +6 trident!
You partially resist.
You feel drained. The wight hits you with a +6 trident!
* * * LOW HITPOINT WARNING * * *
The wight barely misses you.
Found a stone staircase leading down.
You closely miss the wight.
The wight is moderately damaged.
You hit the wight. You hit the wight but do no damage.
The wight is moderately damaged.
You hit the wight. The wight hits you with a +6 trident.
* * * LOW HITPOINT WARNING * * *
You partially resist.
You feel drained.
* * * LOW HITPOINT WARNING * * *
The wight hits you with a +1 scimitar.
* * * LOW HITPOINT WARNING * * *
You partially resist.
You feel drained.
The wight hits you from afar with a +6 trident.
* * * LOW HITPOINT WARNING * * *
You partially resist.
You feel drained.
A red film seems to cover your vision as you go berserk!
You feel yourself moving faster!
You feel mighty! The wight hits you with a +1 scimitar.
* * * LOW HITPOINT WARNING * * *
The wight barely misses you.
You slash the wight!
You feel the power of Trog in you as your rage grows.
You destroy the wight!
Trog accepts your kill.
You feel a strong urge to attack something.
You feel your anger nearly subside.
You are no longer berserk.
You are exhausted.
You feel yourself slow down.
The wight hits you from afar with a +6 trident.
* * * LOW HITPOINT WARNING * * *
You partially resist.
You feel drained.
The wight hits you from afar with a +6 trident.
You die...

..##.# ... ...#.....#
...#####... #........##
#..#.##.... #.........#
###.........#
##)........## ....#
#....###)..........#.
.#(.#
#.....).....##.......
###.#
#....)).....#........ #
#.####.....).:............
#....#........@.z.........
###.###......#...)........
#.##.......#....!.......
###
#..........###..))......
..###[..##.....#
##.........
........##....##
###.##.#..
......####...... ....# #
...#######......# ###..
...# #....#....# .>


You could see a wight.

Vanquished Creatures
  Eustachio (D:4)
  A water moccasin (D:5)
  A black bear (D:5)
  A sky beast (D:5)
  A necrophage (D:6)
  2 ogres
  A phantom (D:4)
  2 bullfrogs (D:6)
  A gnoll sergeant (D:6)
  3 scorpions
  2 wyvern skeletons
  8 wights (D:7)
  A jelly (D:7)
  2 bullfrog zombies (D:5)
  A gnoll shaman (D:5)
  A centaur skeleton (D:7)
  An orc priest (D:7)
  Jessica (D:3)
  Natasha (thrice) (D:2)
  3 iguanas
  4 orc wizards
  A howler monkey zombie (D:7)
  11 gnolls
  3 adders
  3 worms
  2 dart slugs
  15 orcs
  4 endoplasms
  3 giant cockroaches
  6 goblins
  9 hobgoblins
  4 jackals
  4 quokkas
  4 ball pythons
  6 bats
  4 frilled lizards
  4 kobolds
  2 quokka skeletons (D:4)
  7 rats
133 creatures vanquished.

Notes
Turn   | Place    | Note
-------+----------+-------------------------------------------
     0 | D:1      | shadowrider38 the Minotaur Berserker began the quest for
                  | the Orb.
     0 | D:1      | Reached XP level 1. HP: 19/19 MP: 0/0
   178 | D:1      | Reached XP level 2. HP: 10/27 MP: 1/1
   371 | D:1      | Reached skill level 4 in Axes
   975 | D:1      | Reached XP level 3. HP: 22/33 MP: 2/2
  1206 | D:1      | Found a faded altar of an unknown god.
  1578 | D:2      | Reached ** piety under Trog
  1612 | D:2      | Noticed Natasha
  1622 | D:2      | Killed Natasha
  1623 | D:2      | Reached XP level 4. HP: 37/41 MP: 3/3
  2050 | D:2      | Noticed Natasha
  2067 | D:2      | Killed Natasha
  2068 | D:2      | Reached skill level 5 in Axes
  2120 | D:2      | Noticed Natasha
  2129 | D:2      | Killed Natasha
  2130 | D:2      | Reached XP level 5. HP: 31/47 MP: 4/4
  2861 | D:3      | Reached skill level 6 in Axes
  2901 | D:3      | Noticed Jessica
  2902 | D:3      | Killed Jessica
  3008 | D:3      | Found Piypus's Magic Scroll Shoppe.
  3181 | D:4      | Noticed Eustachio
  3309 | D:4      | Killed Eustachio
  3310 | D:4      | Reached skill level 7 in Axes
  3310 | D:4      | Reached XP level 6. HP: 43/53 MP: 5/5
  3389 | D:4      | Found a sparkling altar of Nemelex Xobeh.
  3389 | D:4      | Found an opulent altar of Gozag.
  3448 | D:4      | Reached skill level 1 in Unarmed Combat
  3765 | D:4      | Reached skill level 8 in Axes
  3768 | D:4      | Reached *** piety under Trog
  3966 | D:5      | Entered Level 5 of the Dungeon
  3990 | D:4      | Reached XP level 7. HP: 60/60 MP: 6/6
  4162 | D:5      | Reached skill level 9 in Axes
  4348 | D:5      | Reached skill level 10 in Axes
  4690 | D:5      | Reached XP level 8. HP: 57/67 MP: 7/7
  4884 | D:5      | Reached skill level 11 in Axes
  5348 | D:6      | Found a staircase to the Ecumenical Temple.
  5505 | D:6      | Reached skill level 12 in Axes
  6226 | D:7      | Reached skill level 13 in Axes
  6238 | D:7      | Reached **** piety under Trog
  6243 | D:7      | Reached XP level 9. HP: 33/72 MP: 8/8
  6635 | D:7      | HP: 2/62 [wight (2)]
  6636 | D:7      | Slain by a wight

Illustrated notes

Levels and vault maps discovered:
D:1:      minmay_arrival_four_loops, layout_loops_ring,
          chequers_ecumenical_altar_simple
D:2:      layout_basic, grunt_ministairs_7, uniq_natasha
D:3:      layout_basic, serial_shops, shop, kennysheep_generic_room_3,
          uniq_jessica
D:4:      layout_cave_pools, grunt_temple_overflow_opulence, uniq_eustachio
D:5:      layout_basic, grunt_decor_cap, grunt_ministairs_1
D:6:      layout_loops_corners, minmay_temple_entry_mini_moons, corner_web_ring
D:7:      layout_cave_pools, serial_shops, kennysheep_mini_moat

Skill      XL: |  1  2  3  4  5  6  7  8 |
---------------+-------------------------+-----
Fighting       | 4 |  4.5
Axes           | 4 5 7 8 10 13 | 13.7
Armour         | 3 |  3.0
Dodging        | 3 |  3.0
Unarmed Combat | 1 |  1.2
Stealth        | |  0.4

Action                   |  1- 3 |  4- 6 |  7- 9 || total
-------------------------+-------+-------+-------++-------
Melee: Hand axe          |    96 |   110 |   192 ||   398
       Headbutt          |    14 |    18 |    30 ||    62
       Unarmed           |       |    13 |       ||    13
       Punch             |       |       |     2 ||     2
Invok: Berserk           |       |       |     1 ||     1
 Stab: Sleeping          |     1 |       |       ||     1
Armor: Animal skin       |     9 |       |       ||     9
       Pearl dragon scal |     9 |    53 |    58 ||   120
       Skin              |       |     9 |       ||     9
Dodge: Dodged            |    52 |   103 |    78 ||   233
